 Dungeon Crawl Stone Soup version 0.31-a0-1098-g6898e6545c (webtiles) character file.

Game seed: 15755395012517788601

229 Gargoyl the Chopper (level 6, -1/39 HPs)
             Began as a Gargoyle Berserker on Nov 30, 2023.
             Was a Believer of Trog.
             Killed from afar by Blork the orc (16 damage)
             ... with a puff of flame
             ... on level 4 of the Dungeon.
             The game lasted 00:02:54 (2885 turns).

Gargoyl the Chopper (Gargoyle Berserker)            Turns: 2885, Time: 00:02:54

Health: -1/39      AC: 11    Str: 24    XL:     6   Next: 3%
Magic:  6/6        EV: 16    Int:  7    God:    Trog [**....]
Gold:   102        SH:  0    Dex: 11    Spells: 5/5 levels left

rFire   . . .        l - +0 war axe
rCold   . . .        (no shield)
rNeg    + . .        g - +1 ring mail of the Eternal Fruit {Harm Str+3}
rPois   ∞            (no helmet)
rElec   +            (no cloak)
rCorr   .            (no gloves)
SInv    .            (no boots)
Will    .....        e - amulet of the acrobat
Stlth   +            o - +5 ring of evasion
HPRegen 0.26/turn    (no ring)
MPRegen 0.10/turn

%: harm (+30% outgoing, +20% incoming), acrobat
@: no status effects
A: sickness immunity, AC +4, negative energy resistance 1, electricity
resistance, torment resistance 1, petrification resistance
a: Renounce Religion, Berserk, Trog's Hand


You were on level 4 of the Dungeon.
You worshipped Trog.
Trog was pleased with you.
You visited 1 branch of the dungeon, and saw 4 of its levels.

You collected 102 gold pieces.

Inventory:

Hand Weapons
 a - a +0 hand axe
 l - a +0 war axe (weapon)
Armour
 g - the +1 ring mail of the Eternal Fruit (worn) {Harm Str+3}
   (You found it on level 2 of the Dungeon)

   Str+3:     It affects your strength (+3).
   Harm:      It increases damage dealt and taken.
Jewellery
 e - an amulet of the acrobat (around neck)
 o - a +5 ring of evasion (left hand)
Wands
 h - a wand of flame (13)
 m - a wand of polymorph (9)
Potions
 b - a potion of magic {unknown}
 c - 2 potions of heal wounds
 f - a potion of brilliance {unknown}
 k - 2 potions of curing {unknown}
 n - a potion of enlightenment {unknown}


   Skills:
 + Level 4.5 Fighting
 + Level 4.6 Axes
 + Level 2.9 Armour
 + Level 2.1 Dodging
 + Level 0.5 Stealth


You had 5 spell levels left.
You didn't know any spells.
Your spell library was empty.

Dungeon Overview and Level Annotations

Branches:
Dungeon (4/15)
 Temple: D:4-7

Altars:
Ashenzari
Ru

Annotations:
D:4 Blork the orc


Innate Abilities, Weirdness & Mutations

You are immune to sickness and miasma.
Your stone body is resilient. (AC +4)
You are immune to poison.
You resist negative energy. (rN+)
You are resistant to electric shocks. (rElec)
You are resistant to unholy torment.
You are immune to petrification.


Message History

As you read the scroll labelled BOINIF WUUMU, it crumbles to dust.
It was a scroll of poison.
As you read the scroll of identify, it crumbles to dust.
d - 3 potions of attraction You drop 3 potions of attraction.
A hobgoblin comes into view.
The hobgoblin shouts!
A hobgoblin is nearby!
A hobgoblin is nearby!
You hit the hobgoblin.
You kill the hobgoblin!
Trog accepts your kill.
You open the door.
There is an open door here.
Found an escape hatch in the ceiling.
b - a fuming pink potion You open the door.
There is an open door here.
There is an open door here.
You open the door.
There is an open door here.
Blork the orc comes into view.
He is wielding a +0 battleaxe.
Blork the orc shouts!
Blork the orc gestures at you while chanting.
The magic dart hits you!
Blork the orc gestures at you while chanting.
The puff of flame hits you but does no damage.
Blork the orc completely misses you.
You slash Blork the orc!
Blork the orc is heavily wounded.
Blork the orc hits you with a +0 battleaxe.
You slash Blork the orc!
Blork the orc is almost dead.
Blork the orc casts a spell at you. The puff of flame hits you!
You barely miss Blork the orc.
Blork the orc is almost dead.
Blork the orc miscasts a cantrip.
Blork the orc casts a spell at you. The puff of flame hits you!
You die...

########...#.##.........
..............'.........
#######....####.........
#.#.## ##.......# #.###
##....<## #.# ##...##
#.# ##+## #.# #.# #@#
######.# #o# ###......##
#.# #.........### #.#
#.#.##.......
#.####<#.###....##
#.......).......#
######.#.####.###
#.#......# #.######.#


You could see Blork the orc.

Vanquished Creatures
  2 orc priests (D:3)
  Natasha (D:2)
  Robin (D:2)
  3 gnolls (D:2)
  5 adders
  A dart slug (D:1)
  3 orcs (D:3)
  5 bats
  4 endoplasms
  2 giant cockroaches (D:1)
  13 goblins
  4 hobgoblins
  5 quokkas
  2 ball pythons (D:1)
  3 frilled lizards (D:1)
  2 kobolds (D:1)
  4 rats
60 creatures vanquished.

Notes
Turn   | Place    | Note
-------+----------+-------------------------------------------
     0 | D:1      | Gargoyl the Gargoyle Berserker began the quest for the Orb.
     0 | D:1      | Reached XP level 1. HP: 14/14 MP: 1/1
    93 | D:1      | Found a faded altar of an unknown god.
   125 | D:1      | Reached XP level 2. HP: 19/19 MP: 2/2
   691 | D:2      | Reached XP level 3. HP: 21/24 MP: 3/3
   706 | D:2      | Reached ** piety under Trog
   731 | D:2      | Identified the +1 ring mail of the Eternal Fruit {Harm
                  | Str+3}
   776 | D:2      | Reached XP level 4. HP: 29/29 MP: 4/4
   935 | D:2      | Noticed Robin
   944 | D:2      | Killed Robin
  1404 | D:2      | Noticed Natasha
  1415 | D:2      | Killed Natasha
  1416 | D:2      | Reached XP level 5. HP: 21/34 MP: 5/5
  1646 | D:3      | Found a broken altar of Ashenzari.
  1759 | D:3      | Found a sacrificial altar of Ru.
  2099 | D:3      | Reached XP level 6. HP: 39/39 MP: 6/6
  2878 | D:4      | Noticed Blork the orc
  2885 | D:4      | Killed from afar by Blork the orc

Illustrated notes

Levels and vault maps discovered:
D:1:      sevenhm_arrival_forest_fort_large_2, layout_rooms,
          shapermc_ecumenical_altar_starsandcircs
D:2:      layout_loops_ring, uniq_natasha, uniq_robin
D:3:      layout_basic, lemuel_tele_altar, mainiacjoe_overflow_alcove_2,
          serial_co_window_serial, co_window_corner_a, co_window_paths_a,
          co_window_paths_b, co_window_of_opportunity_a, co_window_paths_a,
          co_window_corner_ca, co_window_corner_b, co_window_2corner,
          co_window_4corner_b, glass_columns_c, glass_columns_c,
          glass_columns_c, reono_crystal_passage
D:4:      layout_loops_corners, uniq_duvessa, uniq_blork_the_orc

Skill      XL: |  1  2  3  4  5 |
---------------+----------------+-----
Axes           | 3 4 |  4.6
Fighting       | 4 |  4.5
Dodging        | 2 |  2.1
Armour         | |  2.9
Stealth        | |  0.5

Action                     |  1- 3 |  4- 6 || total
---------------------------+-------+-------++-------
  Melee: Hand axe          |    76 |    73 ||   149
         War axe           |       |    35 ||    35
 Invoke: Berserk           |     1 |     1 ||     2
    Use: Scroll            |     2 |     3 ||     5
 Armour: Animal skin       |    41 |       ||    41
         Ring mail         |     1 |    72 ||    73
  Dodge: Dodged            |    68 |    94 ||   162

Table legend: (Time is in decaauts)
 A = Elapsed time spent in this place.
 B = Non-inter-level travel time spent in this place.
 C = Inter-level travel time spent in this place.
 D = Time resting spent in this place.
 E = Time spent auto-exploring this place.
 F = Levels seen in this place.
 G = Mean time per level.
                   A        B        C        D        E       F      G
               +--------+--------+--------+--------+--------+-----+--------+
         Total |   2935 |   2823 |    112 |    153 |   2050 |   4 |  733.8 |
       Dungeon |   2935 |   2823 |    112 |    153 |   2050 |   4 |  733.8 |
               +--------+--------+--------+--------+--------+-----+--------+

Top non-repeatable levels by time:
     D:3: 1129 daAuts
     D:2: 881 daAuts
     D:1: 804 daAuts
     D:4: 120 daAuts
